 Dungeon Crawl Stone Soup version 0.26-a0-651-gb41185065b (webtiles) character file.

Game seed: 6875507063706134654

51205 tof the Cleaver (level 14, -1/130 HPs)
             Began as a Minotaur Monk on Oct 1, 2020.
             Was the Champion of Okawaru.
             Succumbed to Saint Roka's poison
             ... on level 1 of the Orcish Mines.
             The game lasted 00:45:59 (20466 turns).

tof the Cleaver (Minotaur Monk)                    Turns: 20466, Time: 00:46:00

Health: -1/130     AC: 16    Str: 24    XL:     14   Next: 22%
Magic:  1/20       EV: 24    Int: 14    God:    Okawaru [******]
Gold:   1345       SH:  0    Dex: 19    Spells: 11/14 levels left

rFire    x . .     SeeInvis .   O - +2 battleaxe (vorpal)
rCold    . . .     Faith    .   (shield currently unavailable)
rNeg     . . .     Spirit   +   z - +0 troll leather armour "Pealirav" {rF- Regen+ Str+2 Int+7}
rPois    .         Reflect  .   P - +2 hat
rElec    .         Harm     .   A - scarf {+Inv}
rCorr    .         Rampage  .   o - +2 pair of gloves
MR       +....                  L - +2 pair of boots {Fly}
Stlth    ++++......             N - amulet of Tulips {Spirit Str+3 Dex+4 Slay+3}
HPRegen  0.71/turn              R - ring of stealth
MPRegen  0.17/turn              (no ring)

@: lethally poisoned (-1 -> -75), heroism, flying, lightly drained
A: retaliatory headbutt, horns 2
a: Heroism, Finesse, Renounce Religion, Evoke Invisibility, Stop Flying


You were on level 1 of the Orcish Mines.
You worshipped Okawaru.
Okawaru was exalted by your worship.
You visited 4 branches of the dungeon, and saw 19 of its levels.

You collected 1875 gold pieces.
You spent 530 gold pieces at shops.

Inventory:

Hand Weapons
 a - the +5 hand crossbow "Qevvak" {freeze, *Slow rF++ rC+ Str-2}
   (Okawaru gifted it to you on level 2 of the Lair of Beasts)

   It causes projectiles fired from it to freeze those they strike, causing
   extra injury to most foes and up to half again as much damage against
   particularly susceptible opponents.
   They can also slow down cold-blooded creatures.
   It affects your strength (-2).
   It greatly protects you from fire.
   It protects you from cold.
   It may slow you when you take damage.
 G - a +6 broad axe of flaming
 O - a +2 vorpal battleaxe (weapon)
Missiles
 t - 27 poisoned darts (quivered)
Armour
 o - a +2 pair of gloves (worn)
 z - the +0 troll leather armour "Pealirav" (worn) {rF- Regen+ Str+2 Int+7}
   (You found it on level 5 of the Dungeon)

   It affects your strength (+2).
   It affects your intelligence (+7).
   It makes you vulnerable to fire.
   It increases your rate of regeneration.
 A - a scarf of invisibility (worn)
 L - a +2 pair of boots of flying (worn)
 P - a +2 hat (worn)
Jewellery
 N - the amulet of Tulips (around neck) {Spirit Str+3 Dex+4 Slay+3}
   (You acquired it on level 3 of the Lair of Beasts)

   [amulet of guardian spirit]

   It causes incoming damage to be split between your health and magic.
   It affects your strength (+3).
   It affects your dexterity (+4).
   It affects your accuracy and damage with ranged weapons and melee attacks
   (+3).
 R - a ring of stealth (left hand)
Wands
 B - a wand of disintegration (9)
 C - a wand of acid (6)
 D - a wand of digging (4)
 E - a wand of iceblast (6)
Scrolls
 b - 2 scrolls of random uselessness
 f - 5 scrolls of magic mapping
 g - 13 scrolls of remove curse
 i - 3 scrolls of fear
 j - 8 scrolls of teleportation
 u - a scroll of immolation
 y - 9 scrolls of enchant armour
 F - 2 scrolls of silence
 K - 2 scrolls of blinking
 S - a scroll of amnesia
 T - a scroll of holy word
 W - a scroll of brand weapon {unknown}
Potions
 c - 10 potions of ambrosia
 e - 2 potions of magic
 h - 5 potions of flight
 k - a potion of brilliance
 l - 2 potions of lignification
 m - 8 potions of curing
 n - 3 potions of haste
 p - a potion of might
 r - 2 potions of resistance
 s - a potion of cancellation
 U - a potion of invisibility
 Y - a potion of stabbing {unknown}
 Z - a potion of mutation {unknown}
Miscellaneous
 I - a tin of tremorstones (3/3)
 J - a lightning rod (4/4)
 X - a phial of floods


   Skills:
 + Level 13.8(18.4) Fighting
 + Level 13.8(18.4) Axes
 + Level 13.3(17.9) Armour
 - Level 9.5(14.1) Dodging
 - Level 1.5(6.2) Stealth
 - Level 0.7(0.4) Spellcasting
 + Level 10.3(10.0) Invocations
 + Level 7.6(7.3) Evocations


You had 11 spell levels left.
You knew the following spells:

 Your Spells              Type           Power        Failure   Level
a - Confusing Touch       Hex            #.......     65%         3

Your spell library contained the following spells:

 Spells                   Type           Power        Failure   Level
 Corona                   Hex            #......      30%         1
 Magic Dart               Conj           #...         30%         1
 Summon Small Mammal      Summ           #...         30%         1
 Blink                    Tloc           N/A          41%         2
 Call Imp                 Summ           #.......     41%         2
 Ensorcelled Hibernation  Hex/Ice        #.....       41%         2
 Slow                     Hex            #.......     41%         2
 Call Canine Familiar     Summ           #.......     65%         3
 Conjure Flame            Conj/Fire      #.......     65%         3
 Dazzling Flash           Conj/Hex       #.....       65%         3
 Gell's Gravitas          Tloc           #.........   65%         3
 Mephitic Cloud           Conj/Pois/Air  #.......     65%         3
 Summon Guardian Golem    Hex/Summ       #.......     65%         3
 Tukima's Dance           Hex            #.......     65%         3
 Petrify                  Tmut/Erth      #.......     96%         4
 Summon Ice Beast         Ice/Summ       #.......     96%         4
 Summon Lightning Spire   Summ/Air       #.......     96%         4
 Metabolic Englaciation   Hex/Ice        #.........   100%        5
 Yara's Violent Unravell  Hex/Tmut       #.........   100%        5


Dungeon Overview and Level Annotations

Branches:
Dungeon (10/15)            Temple (1/1) D:6            Lair (6/6) D:10
 Shoals (0/4) Lair:2        Snake (0/4) Lair:4        Slime (0/5) Lair:5
    Orc (2/2) D:9
    Elf: Orc:2

Altars:
Ashenzari
Cheibriados
Dithmenos
Elyvilon
Fedhas
Gozag
Hepliaklqana
Kikubaaqudgha
Makhleb
Nemelex Xobeh
Okawaru
Qazlal
Ru
Sif Muna
Trog
Uskayaw
Vehumet
Wu Jian
Xom
Yredelemnul
Zin
The Shining One
Beogh
Jiyva

Shops:
D:6 :   D:8 **?*[   Orc:1 [   Orc:2 *

Annotations:
Orc:1 Saint Roka


Innate Abilities, Weirdness & Mutations

You reflexively headbutt those who attack you in melee.
You have a pair of horns on your head.


Message History

You feel much better.
* * * LOW HITPOINT WARNING * * *
You feel very sick.
Saint Roka no longer looks unusually strong.
Saint Roka barely misses you. You furiously retaliate!
You headbutt Saint Roka.
You fail to use your ability.
* * * LOW HITPOINT WARNING * * *
You feel very sick.
Saint Roka hits you with a +2 great sword of venom!
* * * LOW HITPOINT WARNING * * *
You are more poisoned.
You gain the combat prowess of a mighty hero.
* * * LOW HITPOINT WARNING * * *
You feel extremely sick.
Saint Roka hits you with a +2 great sword of venom!
* * * LOW HITPOINT WARNING * * *
You are more poisoned.
You slash Saint Roka!
Saint Roka is severely wounded.
You die...

##.###### ##.....#.##
#####.........##
#............#.##
#.∩.........#...###
#......##.......#.##
###.....##..........#
#.....#####o[[...#.##
####.....##)@....###
#......#.)[.#.##
###.....)[.####
#........# ##......##
#......# ##.##### ###


You could see Saint Roka (very poisoned).

Vanquished Creatures
  An orc warlord (D:9)
  An ettin (Orc:1)
  Josephine (Lair:5)
  A fire dragon (Lair:4)
  6 hydras
  A catoblepas (Lair:5)
  A two-headed ogre (D:9)
  3 death yaks (Lair:6)
  An orc knight (Orc:1)
  An orc sorcerer (Orc:2)
  A cyclops (D:6)
  A manticore (Lair:6)
  An oklob plant (Lair:4)
  6 elephants
  4 merfolk sirens (Lair:2)
  5 black mambas
  3 cane toads
  7 komodo dragons
  A rime drake (Lair:3)
  A queen bee (D:9)
  9 polar bears (Lair:6)
  22 blink frogs
  4 trolls
  A hornet (D:9)
  Grinder (D:6)
  3 raiju (Lair:6)
  10 hippogriffs
  Sigmund (D:3)
  A spriggan (Lair:2)
  3 wraiths (Lair:5)
  A wyvern (Lair:4)
  24 yaks
  A basilisk (Lair:2)
  Eustachio (D:5)
  Menkaure (D:5)
  8 wargs
  12 hell hounds (Lair:6)
  6 water moccasins
  3 porcupines
  19 orc warriors
  14 black bears
  5 ice beasts
  3 phantoms
  9 ogres
  A sky beast (D:6)
  A necrophage (D:7)
  24 wolves
  3 centaurs
  11 crocodiles
  A big kobold (D:7)
  9 bullfrogs
  A gnoll sergeant (Orc:1)
  3 scorpions
  43 killer bees
  15 wights
  2 electric eels
  A jelly (D:9)
  2 hounds
  A bullfrog zombie (D:10)
  25 orc wizards
  13 orc priests
  A bullfrog skeleton (D:7)
  A centaur skeleton (D:6)
  A gnoll shaman (D:7)
  2 iguanas
  8 worker ants
  A hound zombie (D:8)
  4 hound skeletons
  A howler monkey zombie (D:10)
  A howler monkey skeleton (D:10)
  17 gnolls
  11 adders
  4 white imps
  2 oozes
  4 ufetubi
  An adder zombie (D:9)
  2 adder skeletons
  4 worms
  5 dart slugs
  4 leopard geckos
  60 orcs
  7 giant cockroaches
  8 goblins
  11 hobgoblins
  15 jackals
  4 quokkas
  A ball python (D:4)
  8 bats
  7 frilled lizards
  13 kobolds
  6 rats
579 creatures vanquished.

Vanquished Creatures (others)
  13 fungi
  101 plants
114 creatures vanquished.

Grand Total: 693 creatures vanquished

Notes
Turn   | Place    | Note
-------+----------+-------------------------------------------
     0 | D:1      | tof the Minotaur Monk began the quest for the Orb.
     0 | D:1      | Reached XP level 1. HP: 19/19 MP: 0/0
   143 | D:1      | Reached XP level 2. HP: 21/27 MP: 1/1
   221 | D:1      | Reached skill level 1 in Armour
   607 | D:1      | Reached XP level 3. HP: 33/33 MP: 2/2
   976 | D:2      | Reached XP level 4. HP: 36/40 MP: 3/3
  1368 | D:2      | Found a broken altar of Ashenzari.
  1370 | D:2      | Found a bloodstained altar of Trog.
  2221 | D:3      | Found a snail-covered altar of Cheibriados.
  2235 | D:3      | Noticed an ice beast
  2279 | D:3      | Killed an ice beast
  2279 | D:3      | Reached skill level 5 in Axes
  2279 | D:3      | Reached XP level 5. HP: 31/47 MP: 4/4
  2651 | D:3      | Reached skill level 5 in Fighting
  2854 | D:3      | Reached XP level 6. HP: 46/56 MP: 5/5
  3092 | D:3      | Found a sacrificial altar of Ru.
  3093 | D:3      | Noticed Sigmund
  3601 | D:3      | Reached skill level 5 in Dodging
  4387 | D:4      | Reached XP level 7. HP: 48/62 MP: 6/6
  5333 | D:5      | Entered Level 5 of the Dungeon
  5381 | D:5      | Reached skill level 5 in Armour
  5626 | D:5      | Got a dazzling troll leather armour
  5626 | D:5      | Noticed Eustachio
  5791 | D:4      | Identified the +0 troll leather armour "Pealirav" {rF-
                  | Regen+ Str+2 Int+7} (You found it on level 5 of the
                  | Dungeon)
  5829 | D:4      | Learned a level 3 spell: Confusing Touch
  5854 | D:5      | Killed Eustachio
  5854 | D:5      | Reached XP level 8. HP: 63/71 MP: 7/7
  6119 | D:5      | Noticed Menkaure
  6128 | D:5      | Killed Menkaure
  6548 | D:6      | Found a staircase to the Ecumenical Temple.
  6557 | Temple   | Entered the Ecumenical Temple
  6615 | Temple   | Became a worshipper of Warmaster Okawaru
  6615 | Temple   | Reached * piety under Okawaru
  6615 | Temple   | Reached ** piety under Okawaru
  6744 | D:6      | Found Nogh's Book Emporium.
  6826 | D:6      | Noticed Grinder
  6828 | D:6      | Reached skill level 1 in Invocations
  6845 | D:6      | Killed Grinder
  6845 | D:6      | Reached XP level 9. HP: 72/80 MP: 9/9
  6927 | D:6      | Noticed a cyclops
  6991 | D:6      | Killed a cyclops
  7252 | D:7      | Reached *** piety under Okawaru
  7287 | D:7      | Found a bloodstained altar of Trog.
  7759 | D:7      | Got a masterwork falchion
  7760 | D:7      | Identified the +6 falchion "Goblinslayer" {vamp, MR+ Str+6
                  | Dex-4} (You found it on level 7 of the Dungeon)
  8007 | D:7      | Found a glowing golden altar of the Shining One.
  8384 | D:8      | Reached **** piety under Okawaru
  8384 | D:8      | Reached XP level 10. HP: 91/91 MP: 10/12
  8661 | D:8      | Found Oruxivu's Magic Scroll Shop.
  8669 | D:8      | Bought a scroll of identify for 22 gold pieces
  8669 | D:8      | Bought a scroll of enchant armour for 82 gold pieces
  8669 | D:8      | Bought a scroll of silence for 82 gold pieces
  8669 | D:8      | Bought a scroll of identify for 22 gold pieces
  8669 | D:8      | Bought a scroll of identify for 22 gold pieces
  8669 | D:8      | Bought a scroll of identify for 22 gold pieces
  8711 | D:8      | Found Vexzojus's Antique Armour Shop.
  8805 | D:8      | Found Vacvodika's General Store.
  8955 | D:8      | Found Ruotin's General Store.
  8959 | D:8      | Bought a scroll of teleportation for 45 gold pieces
  8959 | D:8      | Bought a potion of curing for 45 gold pieces
  8972 | D:8      | Found Ineerchao's General Store.
  8978 | D:8      | Bought a scroll of enchant armour for 97 gold pieces
  8978 | D:8      | Bought a scroll of identify for 26 gold pieces
  8978 | D:8      | Bought a scroll of identify for 26 gold pieces
  8978 | D:8      | Bought a potion of curing for 39 gold pieces
  9423 | D:9      | Reached ***** piety under Okawaru
  9436 | D:9      | Reached skill level 5 in Invocations
  9621 | D:9      | Noticed a two-headed ogre
  9633 | D:9      | Killed a two-headed ogre
  9633 | D:9      | Reached skill level 10 in Axes
  9809 | D:9      | Reached skill level 10 in Fighting
  9839 | D:9      | Found a stormy altar of Qazlal.
  9904 | D:9      | Found a staircase to the Orcish Mines.
 10222 | D:9      | Paralysed by a hornet for 3 turns
 10322 | D:9      | Found a blossoming altar of Fedhas.
 10326 | D:9      | Found an ancient bone altar of Kikubaaqudgha.
 10331 | D:9      | Found a white marble altar of Elyvilon.
 10395 | D:10     | Entered Level 10 of the Dungeon
 10572 | D:10     | Reached XP level 11. HP: 99/99 MP: 14/14
 10771 | D:10     | HP: 2/100 [troll (9)]
 11353 | D:10     | Found a staircase to the Lair.
 11366 | D:10     | Reached skill level 1 in Evocations
 11459 | Lair:1   | Entered Level 1 of the Lair of Beasts
 12214 | Lair:2   | Noticed a four-headed hydra
 12224 | Lair:2   | Killed a one-headed hydra
 12224 | Lair:2   | Reached ****** piety under Okawaru
 12224 | Lair:2   | Reached skill level 10 in Armour
 12236 | Lair:2   | Found a staircase to the Shoals.
 12662 | Lair:2   | Received a gift from Okawaru
 12972 | Lair:2   | Noticed a four-headed hydra
 12980 | Lair:2   | Killed a one-headed hydra
 12983 | Lair:2   | Received a gift from Okawaru
 12988 | Lair:2   | Reached XP level 12. HP: 84/110 MP: 16/16
 13027 | Lair:2   | Got a steaming hand crossbow {god gift}
 13028 | Lair:2   | Identified the +5 hand crossbow "Qevvak" {freeze, *Slow
                  | rF++ rC+ Str-2} (Okawaru gifted it to you on level 2 of the
                  | Lair of Beasts)
 14093 | Lair:3   | Received a gift from Okawaru
 14384 | Lair:3   | Identified a scroll of acquirement
 14385 | Lair:3   | Acquired the amulet of Tulips {Spirit Str+3 Dex+4 Slay+3}
 14646 | Lair:4   | Found a staircase to the Snake Pit.
 15072 | Lair:4   | Noticed a four-headed hydra
 15081 | Lair:4   | Killed a one-headed hydra
 15542 | Lair:4   | Reached skill level 5 in Evocations
 15606 | Lair:5   | Found a viscous altar of Jiyva.
 15607 | Lair:5   | Found a staircase to the Slime Pits.
 15999 | Lair:5   | Noticed an eight-headed hydra
 16010 | Lair:5   | Killed a five-headed hydra
 16306 | Lair:5   | Noticed a seven-headed hydra
 16316 | Lair:5   | Killed a four-headed hydra
 16316 | Lair:5   | Reached XP level 13. HP: 102/119 MP: 14/18
 16499 | Lair:5   | Noticed Josephine
 16518 | Lair:5   | Killed Josephine
 16764 | Lair:6   | Entered Level 6 of the Lair of Beasts
 17394 | Lair:6   | Received a gift from Okawaru
 18571 | Lair:4   | Reached skill level 10 in Invocations
 18577 | Lair:4   | Noticed a fire dragon
 18586 | Lair:4   | Killed a fire dragon
 19247 | D:3      | Killed Sigmund
 19437 | Orc:1    | Entered Level 1 of the Orcish Mines
 19459 | Orc:1    | Received a gift from Okawaru
 19459 | Orc:1    | Reached XP level 14. HP: 129/129 MP: 20/20
 19486 | Orc:1    | Noticed an orc warlord
 19600 | D:9      | Killed an orc warlord
 19839 | Orc:2    | Entered Level 2 of the Orcish Mines
 19839 | Orc:2    | Found a roughly hewn altar of Beogh.
 19839 | Orc:2    | Found Lodefos's Assorted Antiques.
 19960 | Orc:2    | Noticed Saint Roka
 20245 | Orc:1    | Found Awkelodgh's Antique Armour Emporium.
 20465 | Orc:1    | HP: 4/130 [Saint Roka/+2 great sword of venom (8)]
 20466 | Orc:1    | Succumbed to Saint Roka's poison

Illustrated notes

Levels and vault maps discovered:
D:1:      dpeg_arrival_tiny_c, layout_rooms, minmay_misc_feat_rows,
          minmay_tetromino_t2
D:2:      layout_loops_corners, chequers_temple_overflow_statue_of_worship
D:3:      minmay_recursive_quarters, layout_loops_cross, old_standard_altar,
          nicolae_ru_great_annihilating_truth, uniq_sigmund
D:4:      layout_basic
D:5:      layout_cave_pods, uniq_menkaure, uniq_eustachio
D:6:      layout_cave_pools, minmay_temple_entry_mist, serial_shops,
          shop_fountains, uniq_grinder
D:7:      layout_cave_pools, nicolae_tso_carved_into_rock, trog_ov_bears_minmay
D:8:      layout_basic, serial_shops, shop, nicolae_shop_waterfront, shop,
          nicolae_shop_crystal, nicolae_shop_temple_entry_statues_fountains
D:9:      layout_roguey [special_room_bee], nicolae_qazlal_general_emergency,
          minmay_overflow_temple_star_quad, orc_0_dummy
D:10:     layout_rooms, david_lair_shrubbed, minmay_mirror_moons_of_madness
Temple:   cyrus_circular_temple
Lair:1:   layout_regular_city, cheibrodos_lair_caveside_slide
Lair:2:   layout_loops_ring, elwin_shoals_entry_stream, wad_woods_03,
          infiniplex_staircase_pool
Lair:3:   layout_gridlike
Lair:4:   dragon1_lemuel, layout_regular_city, dummy_snake_entry
Lair:5:   layout_long_grid, dpeg_slime_entry_enclosed_altar, minivault_24,
          grunt_megastairs_1, lemuel_fruit_fields, uniq_josephine
Lair:6:   hangedman_lair_caniforms_friends, layout_layer_cave,
          serial_bayou_shore_a, lemuel_fruit_tree, lemuel_fruit_fields
Orc:1:    layout_diamond_mine, serial_shops, shop_coins, basic_altar
Orc:2:    grunt_orc_cross, layout_caves, basic_altar, serial_shops, shop

Skill      XL: |  1  2  3  4  5  6  7  8  9 10 11 12 13 |
---------------+----------------------------------------+-----
Armour         | 1 2 3 4 5 6 8 9 10 12 13 | 13.3
Axes           | 4 5 6 7 9 10 11 12 13 | 13.8
Fighting       | 4 5 6 7 9 10 11 12 13 | 13.8
Dodging        | 4 5 6 7 8 9 |  9.5
Invocations    | 1 4 5 7 8 10 | 10.3
Evocations     | 3 5 7 |  7.6
Stealth        | |  1.5
Spellcasting   | |  0.7

Action                   |  1- 3 |  4- 6 |  7- 9 | 10-12 | 13-15 || total
-------------------------+-------+-------+-------+-------+-------++-------
Melee: Hand axe          |    76 |   175 |   239 |       |       ||   490
       Headbutt          |    11 |    34 |    60 |   141 |   104 ||   350
       Falchion          |       |       |    52 |   132 |       ||   184
       Broad axe         |       |       |       |   256 |    12 ||   268
       Battleaxe         |       |       |       |   174 |   342 ||   516
Throw: Dart              |       |       |     5 |    48 |    31 ||    84
 Cast: Confusing Touch   |       |       |     1 |       |       ||     1
Invok: Heroism           |       |       |       |     3 |     2 ||     5
       Finesse           |       |       |       |       |     1 ||     1
 Abil: Evoke Invisibilit |       |       |       |     1 |     3 ||     4
  Use: Scroll            |       |     2 |       |    24 |     4 ||    30
       Potion            |       |       |       |     3 |     1 ||     4
 Stab: Paralysed         |       |     3 |       |       |       ||     3
       Sleeping          |       |     2 |     1 |     1 |     2 ||     6
       Invisible         |       |       |       |     5 |    16 ||    21
       Distracted        |       |       |       |       |     2 ||     2
Armor: Robe              |     5 |       |       |       |       ||     5
       Leather armour    |    10 |    44 |    11 |       |       ||    65
       Troll leather arm |       |       |    79 |   155 |   124 ||   358
Dodge: Dodged            |    43 |   125 |   259 |   574 |   438 ||  1439
       Rpst.: Falchion   |       |       |    10 |    41 |       ||    51

Table legend: (Time is in decaauts)
 A = Elapsed time spent in this place.
 B = Non-inter-level travel time spent in this place.
 C = Inter-level travel time spent in this place.
 D = Time resting spent in this place.
 E = Time spent auto-exploring this place.
 F = Levels seen in this place.
 G = Mean time per level.
                   A        B        C        D        E       F      G
               +--------+--------+--------+--------+--------+-----+--------+
         Total |  20625 |  19395 |   1230 |   5524 |   9457 |  19 | 1085.5 |
       Dungeon |  12403 |  11526 |    877 |   3619 |   5225 |  10 | 1240.3 |
        Temple |     72 |     61 |     11 |      0 |     43 |   1 |   72.0 |
          Lair |   7308 |   6977 |    331 |   1523 |   4001 |   6 | 1218.0 |
  Orcish Mines |    840 |    830 |     10 |    382 |    188 |   2 |  420.0 |
               +--------+--------+--------+--------+--------+-----+--------+

Top non-repeatable levels by time:
     D:3: 1956 daAuts
     D:4: 1915 daAuts
  Lair:6: 1676 daAuts
  Lair:5: 1416 daAuts
     D:9: 1327 daAuts
  Lair:3: 1309 daAuts
     D:2: 1236 daAuts
     D:8: 1216 daAuts
  Lair:2: 1150 daAuts
    D:10: 1119 daAuts
     D:5: 1086 daAuts
  Lair:4: 975 daAuts
     D:1: 893 daAuts
     D:7: 892 daAuts
  Lair:1: 780 daAuts
